Map: Orbital Shipyard (3.1.0 Balance v1.1)

Players

lesha

  • Race: Terran Terran
  • League: Silver

StranaOz - Winner!

  • Race: Zerg Zerg
  • League: Gold

VOD

Have the link to the VOD?

Description

Time

  • Played on: Dec. 30, 2015, 3:59 a.m.
  • Length: 12:19
Show
View Real Time Build Order
Export as new Build Order

lesha Terran 

Build Orders: Reaper Expand, MMM Bio 

Get SALT Encoding   

  12  0:01  SCV  
  13  0:13  SCV  
  14  0:18  Supply Depot  
  14  0:25  SCV  
  15  0:39  SCV  
  15  0:41  Barracks  
  16  0:48  Refinery  
  16  0:52  SCV  
  17  1:04  SCV  
  18  1:16  SCV  
  19  1:30  Orbital Command  
  19  1:32  Reaper  
  20  1:43  Command Center  
  20  1:55  Supply Depot  
  20  1:57  SCV  
  21  2:05  Barracks Reactor  
  21  2:09  SCV  
  22  2:21  SCV  
  23  2:29  Factory  
  23  2:30  Refinery  
  22  2:45  SCV  
  22  2:47  Barracks, Marine x2  
  25  2:57  SCV  
  25  2:58  Orbital Command  
  26  3:00  Barracks  
  26  3:06  Marine  
  26  3:07  Marine  
  26  3:09  SCV  
  29  3:16  Factory Tech Lab  
  29  3:21  SCV, Starport  
  29  3:26  Marine x2  
  32  3:31  SCV  
  32  3:34  SCV  
  34  3:36  Barracks Tech Lab  
  33  3:43  SCV  
  33  3:44  Marine  
  35  3:52  SCV  
  35  3:53  Barracks  
  35  3:54  Engineering Bay  
  36  3:55  SCV  
  36  4:01  Barracks Tech Lab  
  37  4:03  Barracks Reactor  
  37  4:04  Supply Depot, Starport Reactor  
  37  4:05  SCV, Supply Depot  
  37  4:08  Marine x2  
  40  4:11  Marauder  
  42  4:23  SCV x2  
  44  4:28  Refinery, Marine x2  
  44  4:29  Refinery  
  46  4:33  Stimpack  
  46  4:35  SCV x2  
  48  4:40  Terran Infantry Weapons Level 1  
  48  4:43  Marine x2  
  50  4:51  Marine  
  50  4:52  Marine  
  52  4:53  Barracks Reactor  
  52  5:01  SCV x2  
  52  5:04  Marine x3  
  52  5:06  Medivac  
  59  5:13  SCV x2  
  61  5:18  Supply Depot  
  61  5:21  Supply Depot  
  61  5:22  Engineering Bay  
  61  5:25  Marine  
  61  5:26  Medivac, Marine x3  
  61  5:28  Widow Mine  
  69  5:35  Marine  
  70  5:39  Marine  
  70  5:40  SCV x2  
  73  5:52  SCV x2  
  73  5:54  Marine x5  
  73  5:55  Marine  
  73  5:56  Widow Mine  
  83  6:07  Medivac  
  83  6:08  Marine  
  86  6:18  Supply Depot  
  86  6:19  Terran Infantry Armor Level 1, Supply Depot  
  86  6:21  Supply Depot  
  86  6:23  Supply Depot  
  86  6:29  Armory  
  86  6:33  Combat Shields  
  86  6:39  Marine x7  
  86  6:41  Medivac  
  86  6:42  Medivac  
  97  6:57  Marine x5  
  85  7:17  SCV x2  
  84  7:29  SCV x2  
  86  7:32  Missile Turret  
  86  7:33  Command Center  
  86  7:34  Missile Turret  
  86  7:42  Marine x7  
  86  7:44  Medivac  
  95  7:45  Missile Turret  
  95  7:49  Missile Turret x2  
  95  7:51  Missile Turret  
  95  7:56  Missile Turret  
  95  7:57  Terran Infantry Weapons Level 2  
  95  7:59  Marine  
  95  8:00  Marine x3  
  95  8:01  Marine x2  
  80  8:20  Liberator x2  
  80  8:30  Marine x4  
  80  8:31  Marauder, Marine x2  
  80  8:33  Siege Tank  
  97  8:49  Marine x6  
  97  8:53  Marauder  
  97  9:06  Marine  
  97  9:07  Marine  
  77  9:17  Marine x2  
  77  9:18  Marine x3  
  82  9:24  Marine  
  82  9:30  Liberator  
  82  9:31  Liberator  
  83  9:45  Marine x4  
  84  9:46  Marine x3  
  96  9:58  Siege Tank  
  98  10:05  Command Center  
  98  10:13  Liberator x2  
  98  10:18  Marine x4  
  98  10:19  Marauder, Marine x2  
  111  10:36  Marine x4  
  111  10:37  Marine  
  111  10:38  Siege Tank  
  111  10:41  Marauder  
  119  10:50  SCV x2  
  120  11:00  Orbital Command  
  120  11:02  SCV x2, Marauder, Marine x6  
  120  11:03  Command Center  
  130  11:37  Marine  
  130  11:38  Marine x5  
  130  11:39  Medivac x2  
  120  11:49  Marine  
  121  11:55  Marine x3  
  121  11:56  Marine  
Show
View Real Time Build Order
Export as new Build Order

StranaOz Zerg - Winner!

Build Orders: Hatch First 

Get SALT Encoding   

  12  0:01  Drone  
  13  0:10  Drone  
  14  0:17  Overlord  
  14  0:44  Drone  
  14  0:46  Hatchery  
  14  0:49  Drone  
  15  1:09  Spawning Pool  
  15  1:10  Drone  
  15  1:12  Drone  
  15  1:16  Drone  
  17  1:28  Drone, Extractor  
  17  1:39  Drone  
  18  1:51  Drone  
  19  1:56  Queen  
  19  1:58  Queen, Zergling x2  
  19  2:00  Zergling x2  
  25  2:05  Overlord  
  25  2:13  Drone  
  26  2:25  Drone  
  26  2:27  Drone x2  
  29  2:50  Drone x2  
  29  2:51  Roach Warren, Drone x2  
  32  2:57  Lair  
  32  2:58  Queen  
  32  3:00  Drone  
  32  3:01  Drone  
  36  3:11  Overlord  
  36  3:39  Drone x6  
  36  3:40  Drone  
  42  3:45  Hatchery  
  41  3:55  Extractor  
  41  3:57  Spore Crawler, Extractor  
  41  4:01  Roach x2  
  41  4:02  Glial Reconstitution  
  42  4:04  Overlord x3  
  42  4:24  Drone  
  42  4:25  Drone x5  
  48  4:37  Drone x4  
  52  4:39  Metabolic Boost  
  52  4:42  Overlord  
  52  4:44  Queen  
  54  5:05  Roach x2  
  54  5:06  Roach x4  
  54  5:07  Spire  
  65  5:11  Drone  
  66  5:15  Ravager  
  67  5:24  Drone x5  
  67  5:25  Drone  
  73  5:32  Overlord  
  73  5:33  Overlord  
  73  5:38  Ravager  
  74  5:46  Drone x4  
  74  5:47  Drone x2  
  74  5:49  Extractor  
  79  5:52  Roach  
  79  5:53  Roach x3  
  87  6:07  Evolution Chamber, Roach x5  
  87  6:09  Spore Crawler  
  87  6:11  Overlord x3  
  95  6:22  Mutalisk  
  97  6:35  Hatchery  
  97  6:36  Zerg Ground Armor Level 1  
  96  6:46  Infestation Pit  
  82  7:22  Roach  
  86  7:23  Roach x6  
  86  7:24  Roach x6  
  86  7:25  Roach x3  
  114  7:31  Drone x5  
  114  7:32  Drone  
  120  7:37  Extractor  
  120  7:38  Extractor  
  118  7:46  Mutalisk x2  
  118  7:47  Mutalisk  
  107  8:25  Overseer  
  107  8:29  Roach x5  
  107  8:30  Roach x5  
  127  8:34  Drone  
  127  8:36  Overlord x4  
  128  8:45  Zerg Ground Armor Level 2  
  113  9:13  Evolution Chamber  
  108  9:18  Roach x2  
  108  9:19  Roach x7  
  108  9:20  Roach x5  
  108  9:21  Roach x2  
  138  9:34  Mutalisk x4  
  146  9:40  Ravager x2  
  148  9:46  Zerg Missile Weapons Level 1  
  148  10:23  Hatchery  
  147  10:48  Ravager x2  
  147  10:49  Ravager x2  
  151  10:59  Hive  
  151  11:13  Swarm Host  
  151  11:15  Roach  
  151  11:16  Roach x2  
  160  11:52  Overseer x2  
Tags
 
Add a new tag
Caveats
  • Supply blocks, unpowered buildings, or Contaminate may cause inaccurate times.
  • Supply counts are checked every 10 seconds.